[Event "*** Titled Tuesday Blitz"]
[Site "Chess.com"]
[Date "2020.11.24"]
[Round "5"]
[White "WonderChampion"]
[Black "pavelalexandru07"]
[Result "0-1"]
[WhiteElo "2043"]
[BlackElo "2301"]
[TimeControl "180+1"]
[EndTime "11:14:00 PST"]
[Termination "pavelalexandru07 won by resignation"]

1. d4 Nf6 2. Nf3 e6 3. Bg5 c5 4.
dxc5 Bxc5 5. c3 O-O 6. e3 d5 7.
Nbd2 h6 8. Bxf6 Qxf6 9. Bd3 Nc6 10.
O-O Qe7 11. Nb3 Bb6 12. Nbd4 e5 13. Nxc6 bxc6 14. Bc2 Bg4 15. Qd2 Rad8 16. Kh1 f5 17.
Rac1 c5 18. Bb3 c4 19. Bc2 Bc7 20. b3 e4 21. Nd4 Qh4 22. g3 Qh5 23. Bd1 cxb3 24.
axb3 Rfe8 25. Nc6 Rd6 26. Nd4 a6 27. Bxg4 fxg4 28. Qe2 Rf8 29. c4 Bb8 30. cxd5 Rxd5 31. Ne6 Rf6 32. Rc8+ Kh7 33. Nf8+ Rxf8 34. Rxf8 Bd6 35.
Qc4 Bxf8 36. Qxe4+ g6 37. Rc1 Bg7 38. Qc2 Qe5 39.
Qe2 Rd7 40. Kg1 Qd5 41. Re1 h5 42. b4 Qf3 43. Qc2 Qd5 44. Qe2 Qe5 45. Qxa6 Qd6 46. Qe2 Rb7 47. b5 Qc5 48. Rb1 Rb6 49. Qd2 Kh6 50. Qd1 Be5 51. Qd2 Bg7 52. e4+ Kh7 53. Qd1 Rxb5 54. Rc1 Qe5 55. Qe1 Ra5 56. Qd1 Qxe4 57.
Qf1 Re5 58. Re1 Qxe1 59. Qxe1 Rxe1+ 60. Kg2 Re2 61. h3 Rb2 62. hxg4 hxg4 63. Kf1 Bd4 64. Kg2 Rxf2+ 65. Kh1 Rf3 66. Kg2 Rxg3+ 67. Kxg3 Kh6 68. Kxg4 Be5 69. Kf3 g5 70. Kg2 Kh5 71. Kf3 Kh4 72. Kg2 Kg4 73. Kg1 Bd4+ 74. Kg2 Ba7 75. Kf1 Kh3 76.
Ke2 g4 77. Kf1 g3 78. Ke1 g2 79. Ke2 g1=Q 80. Kd3 Bb8 81. Kc4 Be5 82. Kd5 Qh2 0-1

[Event "*** Titled Tuesday Blitz"]
[Site "Chess.com"]
[Date "2020.11.24"]
[Round "5"]
[White "davidkalashian"]
[Black "Gabrielian_Artur"]
[Result "1/2-1/2"]
[WhiteElo "2557"]
[BlackElo "2762"]
[TimeControl "180+1"]
[EndTime "11:14:01 PST"]
[Termination "Game drawn - insufficient material"]

1. d4 Nf6 2. c4 e6 3. Nf3 Bb4+ 4. Bd2 c5 5. Bxb4 cxb4 6. g3 O-O 7. Bg2 d6 8. O-O Re8 9. a3 bxa3 10. Rxa3 Nc6 11. Nc3 e5 12. dxe5 dxe5 13. Qxd8 Rxd8 14. b4 e4 15. Ng5 Nxb4 16. Ngxe4 Nxe4 17. Bxe4 Bh3 18.
Rb1 a5 19. Bxb7 Ra7 20. Bg2 Bxg2 21. Kxg2 Rc7 22. Rxa5 Rxc4 23. Ra4 Rxc3 24. Raxb4 h5 25. Rb8 Rxb8 26. Rxb8+ Kh7 27. h4 g6 28. e3 Kg7 29. Kf3 Rc4 30. Rd8 Ra4 31. Rd2 Rb4 32. e4 Ra4 33. Kf4 Ra1 34. f3 Rf1 35. Rd5 Ra1 36.
Rb5 Rc1 37. g4 hxg4 38. Kxg4 Rg1+ 39. Kf4 Rh1 40. Kg3 Rg1+ 41. Kh2 Rf1 42. Kg2 Re1 43. h5 gxh5 44. Rxh5 Kg6 45. Rb5 f6 46. Kg3 Ra1 47. Kf4 Ra4 48. Rb6 Rc4 49. Rd6 Ra4 50. Ke3 Ra3+ 51. Rd3 Ra1 52. f4 Re1+ 53. Kf3 Rf1+ 54. Kg3 Rg1+ 55. Kh4 Re1 56. Rd4 Re3 57. f5+ Kh6 58.
Kg4 Re1 59. Rc4 Re2 60. Kf4 Rf2+ 61. Ke3 Rf1 62. Rc8 Re1+ 63. Kf3 Rf1+ 64. Ke2 Rg1 65.
Rc7 Ra1 66. Rc8 Kg5 67. Ke3 Ra3+ 68. Kd4 Ra4+ 69. Kd5 Ra5+ 70. Kd6 Ra6+ 71. Rc6 Ra4 72. Kd5 Ra5+ 73. Rc5 Ra1 74. Ke6 Re1 75. Rc4 Re2 76.
Rd4 Re1 77. Kf7 Re2 78. Kg7 Re1 79. Rd6 Rxe4 80. Rxf6 Re7+ 81. Rf7 Rxf7+ 82. Kxf7 Kxf5 1/2-1/2

[Event "*** Titled Tuesday Blitz"]
[Site "Chess.com"]
[Date "2020.11.24"]
[Round "5"]
[White "Vuk2000"]
[Black "Slovak_fighter2000"]
[Result "1/2-1/2"]
[WhiteElo "2726"]
[BlackElo "2457"]
[TimeControl "180+1"]
[EndTime "11:14:05 PST"]
[Termination "Game drawn - insufficient material"]

1. d4 Nf6 2. Bg5 d5 3. Bxf6 gxf6 4. e3 c5 5. dxc5 Qa5+ 6. Nc3 e6 7. Qd4 Qxc5 8. Qxf6 Rg8 9. Qh4 Bg7 10. Nge2 b5 11.
Qxh7 Kf8 12. Nd4 b4 13. Qh4 Ke8 14. Bb5+ Bd7 15. Bxd7+ Nxd7 16. Nce2 Bxd4 17. Qxd4 Rxg2 18. Qxc5 Nxc5 19. Ng3 Ne4 20. Nxe4 dxe4 21. Ke2 Rc8 22. Rac1 Ke7 23. h4 f5 24. c3 bxc3 25. Rxc3 Rb8 26. b3 Kf6 27. Rc7 a5 28. Rc4 Rg7 29. h5 Rh7 30.
Ra4 Rb5 31. h6 Kg6 32. Rg1+ Kf6 33. Rg8 Rxh6 34. Ra8 Rc5 35. Rc4 Rd5 36. Rc6 Rh1 37. Raa6 Re5 38. Rd6 Ra1 39. Rd2 Rb1 40. Rb6 Ra1 41.
Rb7 Rc5 42. f3 exf3+ 43. Kxf3 Rf1+ 44. Ke2 Ra1 45. Rb6 Re5 46. Ra6 f4 47. Kf3 fxe3 48. Re2 Rf5+ 49. Kg2 Rf2+ 50. Rxf2+ exf2 51. Kxf2 Rxa2+ 52. Ke3 Ke5 53. Kd3 Kd5 54. Rb6 Ra3 55. Kc2 a4 56. Rb5+ Kd6 57. Rb6+ Kd5 58. Rb5+ Kc6 59. bxa4 Rxa4 60. Rh5 Kd6 61. Kd3 Rg4 62. Ke3 Rg3+ 63. Kf2 Rg7 64. Ke3 Rf7 65. Ra5 Rf8 66. Ra6+ Ke7 67.
Ra5 Kf6 68. Rh5 Rd8 69. Ke4 Ra8 70. Rh6+ Ke7 71. Rh5 Kd6 72. Ke3 Ra3+ 73. Ke4 Ra4+ 74. Ke3 e5 75. Rh7 Kd5 76. Rd7+ Ke6 77. Rd8 Ra3+ 78.
Ke4 Ra4+ 79. Ke3 Rf4 80. Re8+ Kd6 81. Rd8+ Kc5 82. Rd7 Rf6 83. Ke4 Rd6 84. Rc7+ Rc6 85. Rxc6+ Kxc6 86. Kxe5 1/2-1/2

[Event "*** Titled Tuesday Blitz"]
[Site "Chess.com"]
[Date "2020.11.24"]
[Round "5"]
[White "Iskusnyh"]
[Black "ArjunErigaisi2003"]
[Result "1/2-1/2"]
[WhiteElo "2586"]
[BlackElo "2920"]
[TimeControl "180+1"]
[EndTime "11:14:07 PST"]
[Termination "Game drawn by repetition"]

1. d4 d5 2. c4 dxc4 3. e3 Nf6 4. Bxc4 e6 5. Nf3 a6 6. O-O c5 7. Nc3 b5 8. Be2 Bb7 9. dxc5 Qxd1 10. Rxd1 Bxc5 11.
Nd2 Nbd7 12. Nb3 Bb6 13. a4 b4 14. a5 Bc7 15. Na4 Ke7 16. Nac5 Bd5 17. Bd2 Rhb8 18.
Rac1 Bd6 19. Be1 Rc8 20. Nxd7 Nxd7 21. Nd4 Ne5 22. f3 Rxc1 23. Rxc1 Kd7 24. e4 Bb7 25. Bf2 Nc6 26. Nxc6 Bxc6 27. Rd1 Ke7 28. Bb6 f6 29. Kf2 Ba4 30. Rd3 Bc2 31. Rd2 b3 32. Ke3 Be5 33. Bd4 Bxh2 34. Bc3 g5 35. Bb4+ Kf7 36. Rd7+ Kg6 37.
Bd3 Bf4+ 38. Ke2 Bxd3+ 39. Kxd3 Rc8 40. Bc3 Be5 41. Bxe5 fxe5 42. Rd6 Kf6 43. Rxa6 Rc2 44. g4 Rxb2 45. Rb6 Ra2 46. a6 h6 47. a7 Rxa7 48. Rxb3 Ra1 49. Ke3 Re1+ 50. Kf2 Rc1 51. Ra3 Rc2+ 52.
Kg3 Rc7 53. Ra4 Kg6 54. Ra6 Kf6 55. Rb6 Rd7 56. Ra6 Ke7 57. Rb6 Kf6 58. Ra6 Rh7 59. Rb6 h5 60. gxh5 Rxh5 61. Ra6 Rh1 62. Rb6 Rg1+ 63.
Kf2 Ra1 64. Kg3 Ra3 65. Rb8 Ra2 66. Rf8+ Kg7 67. Re8 Kf7 68. Rb8 Ra1 69. Rb7+ Kf6 70. Rb8 Rg1+ 71. Kf2 Rh1 72. Kg3 Rg1+ 73. Kf2 Rh1 74.
Kg3 Rh7 75. Rf8+ Rf7 76. Ra8 Rh7 77. Rf8+ Ke7 78. Ra8 Rh1 79. Rg8 Kf6 80. Rf8+ Kg7 81. Ra8 Rg1+ 82. Kf2 Rb1 83. Kg3 Rg1+ 84. Kf2 Rb1 85. Kg3 Rg1+ 1/2-1/2

[Event "*** Titled Tuesday Blitz"]
[Site "Chess.com"]
[Date "2020.11.24"]
[Round "5"]
[White "frederiksvane"]
[Black "SaqoChess_Twitch"]
[Result "1-0"]
[WhiteElo "2728"]
[BlackElo "2513"]
[TimeControl "180+1"]
[EndTime "11:14:10 PST"]
[Termination "frederiksvane won by resignation"]

1. e4 c5 2. Nf3 d6 3. Bb5+ Bd7 4. c4 Nc6 5. Nc3 Nf6 6. d4 cxd4 7. Nxd4 g6 8. O-O Bg7 9. h3 O-O 10. Be3 a6 11. Bxc6 bxc6 12. Nf3 c5 13. e5 dxe5 14. Nxe5 Be6 15. Qe2 Qc8 16. Rad1 Rb8 17. b3 Nh5 18. Nd5 Re8 19. Nd3 Bxd5 20. cxd5 c4 21. Nc5 cxb3 22.
Nxb3 Rb5 23. d6 exd6 24. Rxd6 Nf4 25. Qf3 Ne6 26. Rc1 Qb8 27. Rd7 Rf5 28. Qc6 Nf4 29. Rc2 Rg5 30. Rb7 Nxh3+ 31. Kf1 Qd8 32. Rd2 Qa8 33. gxh3 Rb5 34. Rc7 Qb8 35. Rdd7 Rf5 36.
Qc4 Rf8 37. Bc5 Qa8 38. Bxf8 Qh1+ 39. Ke2 Qf3+ 40. Ke1 Qxf2+ 41. Kd1 Bxf8 42. Rd2 Qf3+ 43. Kc2 Qxh3 44. Qd3 Qh1 45. Rc4 Qb7 46. Qe4 Qb5 47.
a4 Qb6 48. Nd4 Rf6 49. Qd3 Qd6 50. Nb3 Qe5 51. Qd4 Qg5 52. Qd3 Qf5 53. Nd4 Qxd3+ 54. Rxd3 h5 55. Nf3 Kg7 56. Ne5 Bd6 57. Nd7 Re6 58. Rc6 Bf4 59. Rxe6 fxe6 60. Rf3 g5 61.
Kd3 Kg6 62. Ke4 h4 63. Ne5+ Kh5 64. Rf1 a5 65. Nd3 h3 66. Nxf4+ gxf4 67. Kxf4 Kh4 68.
Re1 h2 69. Rxe6 Kh3 70. Rh6+ Kg2 71. Ke4 h1=Q 72. Rxh1 Kxh1 73. Kd5 Kg2 74. Kc5 Kf3 75. Kb5 Ke4 76. Kxa5 Kd5 77. Kb6 Kd6 78. a5 Kd7 79. a6 Kc8 80. a7 Kd7 81. a8=Q Kd6 82. Qc6+ Ke5 83. Qd7 Kf6 84. Kc5 Kg5 85. Qf7 Kg4 86.
Kd4 Kg3 87. Qf5 Kh4 88. Qg6 Kh3 89. Ke3 1-0

[Event "*** Titled Tuesday Blitz"]
[Site "Chess.com"]
[Date "2020.11.24"]
[Round "5"]
[White "The_Machine04"]
[Black "anon102030"]
[Result "1/2-1/2"]
[WhiteElo "2506"]
[BlackElo "2714"]
[TimeControl "180+1"]
[EndTime "11:14:21 PST"]
[Termination "Game drawn by repetition"]

1. d4 Nf6 2. Bg5 Ne4 3. Bf4 d5 4. e3 e6 5. Bd3 Bd6 6. Bxe4 dxe4 7. Nc3 f5 8. Qd2 Nc6 9. O-O-O Ne7 10. f3 exf3 11.
Nxf3 O-O 12. Ne5 Bb4 13. a3 Ba5 14. Qd3 Nd5 15. Nxd5 exd5 16. h3 c6 17. g4 Be6 18.
Rdg1 Qe8 19. Rg2 Rc8 20. Rhg1 fxg4 21. hxg4 g6 22. Rh2 Rc7 23. Rgh1 Bb6 24. Rh6 Rg7 25. Qe2 Qe7 26. Qh2 g5 27. Bg3 Bc8 28. Kb1 Rf6 29.
Rxf6 Qxf6 30. Nd3 Qg6 31. Be5 Rf7 32. Qg2 Bc7 33. Rh5 h6 34. Qh3 Kh7 35. b3 b6 36. Kb2 Ba6 37. Bxc7 Bxd3 38. Be5 Bxc2 39. Qg2 Be4 40. Qg1 c5 41. Rh2 cxd4 42. exd4 Rf8 43.
Rf2 Rc8 44. Rf6 Qe8 45. Qf1 Bg6 46. Qf2 Rc2+ 47. Qxc2 Bxc2 48. Kxc2 Qc8+ 49. Kb2 Qxg4 50. Rf7+ Kg6 51. Rf6+ Kh5 52. Rd6 Qe2+ 53. Kc3 Qf3+ 54.
Kb4 a5+ 55. Ka4 b5+ 56. Kxa5 Qxb3 57. Kb6 Qxa3 58. Kxb5 Qb3+ 59. Kc5 Kg4 60. Rxd5 h5 61. Bf6 Qc3+ 62. Kd6 h4 63. Rxg5+ Kf3 64. Be5 Qb4+ 65. Ke6 Qa4 66. Rf5+ Kg2 67. Rg5+ Kh3 68. Kf5 Qd7+ 69. Kf6 Qe8 70. Kf5 Qf7+ 71. Bf6 Qc4 72. Rg7 Qd3+ 73. Ke6 Kh2 74. Be5+ Kh1 75. d5 Qb3 76. Kd6 h3 77. Rg3 Qb6+ 78. Ke7 h2 79. d6 Qc5 80. Ke6 Qc4+ 81.
Ke7 Qe4 82. Kf6 Qc4 83. d7 Qd5 84. Rg7 Qc6+ 85. Ke7 Qd5 86. Bd6 Qe4+ 87. Kd8 Qa8+ 88. Ke7 Qe4+ 89. Kd8 Qa8+ 90. Ke7 Qe4+ 1/2-1/2

[Event "*** Titled Tuesday Blitz"]
[Site "Chess.com"]
[Date "2020.11.24"]
[Round "5"]
[White "maxip32"]
[Black "BlackGod93"]
[Result "1/2-1/2"]
[WhiteElo "2478"]
[BlackElo "2226"]
[TimeControl "180+1"]
[EndTime "11:14:27 PST"]
[Termination "Game drawn by repetition"]

1. e4 e5 2. Nf3 Nc6 3. Bb5 a6 4. Ba4 Nf6 5. d3 b5 6. Bb3 Bc5 7. O-O O-O 8. a4 Rb8 9. axb5 axb5 10. Nc3 h6 11. h3 d6 12. Ne2 Be6 13. Bxe6 fxe6 14.
c3 b4 15. Ng3 bxc3 16. bxc3 Qe8 17. d4 Bb6 18. Ba3 Qg6 19. Kh2 Nxe4 20. Qc2 Rf4 21. Rae1 d5 22. Nxe4 dxe4 23. Nxe5 Nxe5 24. dxe5 Qf5 25.
g3 Rxf2+ 26. Rxf2 Bxf2 27. Rxe4 Bb6 28. Qe2 Rd8 29. c4 Qg5 30. c5 Ba5 31. Qf3 Qd2+ 32.
Re2 Qd1 33. Rf2 Qb1 34. Qf7+ Kh8 35. Qxe6 Qe4 36. Qf5 Qe3 37. e6 Re8 38. Bb2 Bc3 39. Bxc3 Qxc3 40. e7 Qxc5 41. Qf8+ Kh7 42. Rf5 Qc2+ 43.
Rf2 Rxe7 44. Rxc2 Rd7 45. Re2 Rd6 46. Qf5+ Rg6 47. Qe5 Rf6 48. Qf5+ Rxf5 49. Re7 Rf6 50. Rxc7 Rf2+ 51. Kg1 Ra2 52. Rf7 Ra3 53. Kg2 Ra2+ 54. Kf3 Ra1 55. Kg4 Ra4+ 56. Kf3 Ra3+ 57. Kf4 Kg6 58. Rb7 Ra4+ 59. Kf3 h5 60. Rb6+ Kh7 61. Rb5 g6 62. Kg2 Kh6 63. Kf3 Ra3+ 64. Kf4 Ra2 65. Kf3 Ra3+ 66. Kf2 h4 67. gxh4 Rxh3 68.
Rb4 Kh5 69. Kg2 Rxh4 70. Rb5+ g5 71. Kg3 Ra4 72. Rc5 Ra3+ 73. Kg2 Kh4 74. Rc8 Ra2+ 75. Kg1 g4 76. Rc3 Rb2 77. Rd3 Rc2 78. Rb3 Rd2 79.
Rc3 Kg5 80. Rc5+ Kf4 81. Rc3 Re2 82. Rb3 Ra2 83. Rc3 Ra1+ 84. Kg2 Rb1 85. Kf2 Rb2+ 86. Kg1 Kg5 87. Rd3 Kh4 88. Rc3 Rb1+ 89. Kg2 Rb2+ 90.
Kg1 Rd2 91. Rb3 Ra2 92. Rc3 Rb2 93. Rd3 Ra2 94. Rc3 1/2-1/2

[Event "*** Titled Tuesday Blitz"]
[Site "Chess.com"]
[Date "2020.11.24"]
[Round "5"]
[White "crazy_but_lazy"]
[Black "vovachesss"]
[Result "0-1"]
[WhiteElo "2441"]
[BlackElo "2668"]
[TimeControl "180+1"]
[EndTime "11:14:33 PST"]
[Termination "vovachesss won by checkmate"]

1. d4 e5 2. dxe5 Nc6 3. Nf3 Nge7 4. b3 Ng6 5. Bb2 Bc5 6. e3 O-O 7. Bd3 Qe7 8. Nbd2 Re8 9. O-O Ngxe5 10. Nxe5 Nxe5 11.
Nf3 d6 12. Nxe5 dxe5 13. Be4 c6 14. Qe2 Qh4 15. Qc4 Bf8 16. g3 Qh5 17. Rfd1 Bg4 18. Rd2 Rad8 19. Bc3 Rxd2 20. Bxd2 Rd8 21. Bc3 b5 22. Qf1 Bf3 23. Bxf3 Qxf3 24. Re1 f6 25. Qe2 Qd5 26. Ba5 Rd7 27. c4 bxc4 28. Qxc4 Qxc4 29. bxc4 Rd3 30. Re2 Kf7 31. Rb2 Bc5 32. Kf1 Ra3 33. Bd2 Ra4 34. Rc2 e4 35. Ke2 Ke6 36. Bc1 Kf5 37.
h3 h5 38. f3 exf3+ 39. Kxf3 g6 40. g4+ hxg4+ 41. hxg4+ Ke6 42. Ke4 Bb6 43. Bd2 Bc7 44.
Bc1 Bb6 45. Bd2 Bd8 46. Bc1 f5+ 47. gxf5+ gxf5+ 48. Kf3 Bf6 49. Ke2 Be7 50. Kd3 Bd6 51. Ke2 Bc5 52. Kd3 Bd6 53. Ke2 Be5 54. Kd3 Rb4 55. Ke2 Rb1 56. Kd3 Bd6 57. Ke2 Bc5 58.
Kd3 Rb8 59. Ke2 Rg8 60. Kd3 Rg3 61. Rf2 Rh3 62. Bd2 Ke5 63. Bc3+ Ke6 64. Bd4 Bd6 65. Bxa7 f4 66. Ke2 fxe3 67. Bxe3 Bb4 68. Kd3 Bc5 69.
Re2 Kd6 70. a4 Bb4 71. Rg2 Bc5 72. Rg6+ Ke7 73. Ke4 Bxe3 74. Kf5 Kd7 75. Rg7+ Kd6 76. a5 Bd4 77. a6 Ra3 78. Rg6+ Kc5 79. Ke4 Rxa6 80.
Rg5+ Kxc4 81. Rg2 Ra3 82. Rc2+ Rc3 83. Rd2 c5 84. Kf4 Re3 85. Ra2 Rb3 86. Ra8 Kd3 87.
Kf3 c4 88. Kg2 c3 89. Kf3 c2 90.
Rc8 Rc3 91. Re8 c1=Q 92. Kg2 Rc2+ 93. Kh3 Qh1+ 94. Kg4 Rg2+ 95. Kf5 Qh5+ 96. Kf4 Rf2+ 97. Kg3 Rf3+ 98. Kg2 Qh3# 0-1

[Event "*** Titled Tuesday Blitz"]
[Site "Chess.com"]
[Date "2020.11.24"]
[Round "5"]
[White "sorrm8thatscheckm8"]
[Black "YoungMegaMind"]
[Result "1/2-1/2"]
[WhiteElo "2491"]
[BlackElo "2299"]
[TimeControl "180+1"]
[EndTime "11:14:53 PST"]
[Termination "Game drawn by repetition"]

1. d4 Nf6 2. c4 c5 3. d5 e6 4. Nf3 exd5 5. cxd5 d6 6. e4 g6 7. Bd3 a6 8. a4 Bg4 9. h3 Bxf3 10. Qxf3 Bg7 11. Nd2 Nbd7 12. Bc2 O-O 13. O-O Re8 14. a5 Rb8 15. Nc4 Ne5 16. Nxe5 Rxe5 17.
Bf4 Re7 18. Bg5 Re5 19. Bf4 Re8 20. Ra2 Nh5 21. Bh2 Be5 22. Bxe5 Rxe5 23. Rb1 b5 24. axb6 Rxb6 25. Rba1 Qc8 26. Bd3 Kg7 27. Bxa6 Qb8 28. Qc3 Nf6 29. f3 Rb3 30. Qd2 Qb6 31. Bc4 Rb4 32.
b3 Qd8 33. Ra8 Qe7 34. R8a7 Rb7 35. Qa5 Nh5 36. Rxb7 Qxb7 37. Qa6 Qe7 38. Qc6 Nf4 39. Ra2 Rg5 40. Kh1 Qe5 41. Bf1 Nh5 42. Qa4 Ng3+ 43.
Kg1 Nxf1 44. Kxf1 Qh2 45. Rf2 Qh1+ 46. Ke2 Rxg2 47. Qd7 Rxf2+ 48. Kxf2 Qh2+ 49. Ke3 Qe5 50. Qd8 g5 51. Qd7 h5 52. Qd8 h4 53. Qd7 Qf4+ 54.
Ke2 Qe5 55. Ke3 Kg6 56. Ke2 Qb2+ 57. Kf1 Qa1+ 58. Kf2 Qe5 59. Qg4 f6 60. Qd7 Qb2+ 61.
Kf1 Qa1+ 62. Kf2 Qb2+ 63. Kf1 Qc1+ 64. Kf2 Qd2+ 65. Kf1 Qd1+ 66. Kf2 Qd4+ 67. Kf1 Qe3 68. Qf5+ Kg7 69. Qd7+ Kh6 70. Qf5 Qd4 71. f4 Qd3+ 72. Kf2 Qd2+ 73. Kf3 Qd1+ 74. Kf2 Qc2+ 75. Kf1 Qd3+ 76.
Kf2 Qd4+ 77. Kf3 Qc3+ 78. Ke2 c4 79. fxg5+ fxg5 80. Qf8+ Kh5 81. Qf7+ Kh6 82. Qe6+ Kh5 83. Qg4+ Kg6 84. Qe6+ Kg7 85. Qd7+ Kh8 86. Qe8+ Kg7 87. Qe7+ Kg8 88. Qxg5+ Kf8 89. Qd8+ Kf7 90. Qd7+ Kg8 91. Qe8+ Kh7 92. Qh5+ Kg8 93. Qg4+ Kf7 94. bxc4 Qxc4+ 95. Ke3 Qc3+ 96. Kf4 Qe5+ 97. Kf3 Qc3+ 98. Ke2 Qb2+ 99. Kf3 Qc3+ 100. Ke2 Qb2+ 101. Kf3 Qc3+ 1/2-1/2

[Event "*** Titled Tuesday Blitz"]
[Site "Chess.com"]
[Date "2020.11.24"]
[Round "5"]
[White "enriquetejedor"]
[Black "German_Bazeev"]
[Result "1-0"]
[WhiteElo "2493"]
[BlackElo "2664"]
[TimeControl "180+1"]
[EndTime "11:14:56 PST"]
[Termination "enriquetejedor won on time"]

1. e4 c6 2. Nf3 d5 3. Nc3 Bg4 4. h3 Bxf3 5. Qxf3 e6 6. d4 dxe4 7. Qxe4 Nf6 8. Qd3 a5 9. g3 Na6 10. a3 Be7 11. Bg2 Nc7 12. O-O a4 13. Qc4 O-O 14.
Rd1 Ncd5 15. Bg5 h6 16. Bxf6 Bxf6 17. Ne4 Be7 18. Qe2 Qb6 19. c4 Nf6 20. c5 Qa6 21.
Qxa6 Rxa6 22. Kf1 Nxe4 23. Bxe4 Bf6 24. Ke2 Rd8 25. Ke3 Rd7 26. f4 g6 27. Rd2 Ra8 28.
Rad1 Rad8 29. Bc2 Ra8 30. h4 h5 31. Rd3 Kf8 32. R1d2 Ke7 33. Bd1 Kd8 34. Rc3 Kc7 35. Rc4 Rad8 36. Rxa4 e5 37. fxe5 Bxe5 38. g4 hxg4 39.
Bxg4 f5 40. Bf3 Bg7 41. Rd1 Bf6 42. d5 cxd5 43. b3 d4+ 44. Kd3 Re7 45. Kc4 Re3 46.
Bh1 Rc3+ 47. Kb4 Be7 48. Ra5 Rxc5 49. Rxc5+ Kb6 50. Rg1 Bxc5+ 51. Kc4 d3 52. Rxg6+ Bd6 53. Kxd3 Kb5 54. h5 Bf4+ 55. Ke2 Rd2+ 56. Kf3 Be5 57. Rg5 Rd3+ 58. Ke2 Rxb3 59. Bxb7 Rb2+ 60. Kd3 Kc5 61. Ba6 Kd6 62. Rxf5 Rb3+ 63. Kc4 Rc3+ 64. Kb5 Rh3 65. a4 Rb3+ 66. Kc4 Rc3+ 67. Kb4 Rc1 68. Bb5 Ke6 69. Rf3 Rb1+ 70. Ka5 Rh1 71. Be8 Ke7 72. Bg6 Bc7+ 73. Ka6 Bd6 74. Rd3 Ke6 75. Kb5 Rh4 76. a5 Rb4+ 77. Kc6 Rc4+ 78. Kb5 Rb4+ 79. Ka6 Bc7 80.
h6 Ra4 81. Kb5 Rxa5+ 82. Kc6 Be5 83. h7 Ra8 84. Rh3 Bh8 85. Bd3 Ke5 86. Kb5 Rb8+ 87.
Kc6 Rd8 88. Rg3 Rd6+ 89. Kc7 Rh6 90. Rg2 Bf6 91. Bc2 Kd4 92. Kd7 Be5 93. Ke8 Ke3 94.
Kf7 Kf3 95. Rg8 Rh2 96. Bd3 Ke3 97. Bf5 Bb2 98. Rg4 Rh5 99. Bg6 Rh2 100. Rb4 Rf2+ 101.
Ke6 Bc3 102. Rb3 Kd4 103. Kd7 Kc4 104. Rxc3+ Kxc3 105.
h8=Q+ 1-0

[Event "*** Titled Tuesday Blitz"]
[Site "Chess.com"]
[Date "2020.11.24"]
[Round "6"]
[White "zverr1"]
[Black "Forantes"]
[Result "1-0"]
[WhiteElo "2518"]
[BlackElo "2370"]
[TimeControl "180+1"]
[EndTime "11:16:36 PST"]
[Termination "zverr1 won by resignation"]

1. d4 Nf6 2. c4 g6 3. Nc3 d5 4. cxd5 Nxd5 5. Bd2 Bg7 6. e4 Nb6 7. Be3 O-O 8. Be2 Nc6 9. Nf3 Re8 10. d5 Na5 11.
Bd4 e5 12. Bxb6 cxb6 13. b4 Qc7 14. Qd3 f5 1-0

[Event "*** Titled Tuesday Blitz"]
[Site "Chess.com"]
[Date "2020.11.24"]
[Round "6"]
[White "anon219"]
[Black "Sinquefield"]
[Result "1-0"]
[WhiteElo "2779"]
[BlackElo "2441"]
[TimeControl "180+1"]
[EndTime "11:17:03 PST"]
[Termination "anon219 won by resignation"]

1. e4 e6 2. d4 d5 3. Nd2 Nf6 4. e5 Nfd7 5. f4 c5 6. c3 Nc6 7.
Ndf3 a6 8. Bd3 b5 9. Ne2 b4 10.
O-O Qb6 11. Kh1 Be7 12. f5 Bb7 13. Nf4 cxd4 14. cxd4 Nxd4 15. Nxd4 Qxd4 16. fxe6 fxe6 17. Bg6+ 1-0

[Event "*** Titled Tuesday Blitz"]
[Site "Chess.com"]
[Date "2020.11.24"]
[Round "6"]
[White "exoticprincess"]
[Black "DenisQ"]
[Result "1-0"]
[WhiteElo "2901"]
[BlackElo "2672"]
[TimeControl "180+1"]
[EndTime "11:17:41 PST"]
[Termination "exoticprincess won by resignation"]

1. b3 Nf6 2. Bb2 e6 3. g3 c5 4. Bg2 Nc6 5. e3 Be7 6. Ne2 O-O 7. O-O Qc7 8. c4 b6 9. d4 cxd4 10. exd4 d5 11. Nbc3 dxc4 12. bxc4 Bb7 13. d5 Na5 14.
Rc1 Nxc4 15. Nb5 Nxb2 16. Rxc7 Nxd1 17. Rxb7 1-0

[Event "*** Titled Tuesday Blitz"]
[Site "Chess.com"]
[Date "2020.11.24"]
[Round "6"]
[White "barbara25"]
[Black "eightbyeightchess"]
[Result "0-1"]
[WhiteElo "2256"]
[BlackElo "2421"]
[TimeControl "180+1"]
[EndTime "11:17:45 PST"]
[Termination "eightbyeightchess won by resignation"]

1. e4 e6 2. d4 d5 3. Nc3 Nf6 4. Bg5 Be7 5. e5 Nfd7 6. Bxe7 Qxe7 7. f4 a6 8. Nf3 c5 9. Qd2 Nc6 10. O-O-O cxd4 11. Nxd4 Qc5 12. Nb3 Qa7 13. Kb1 b5 14.
g4 Bb7 15. Bg2 O-O-O 16. Ne2 Kb8 17. Ned4 Nb6 18. Nxc6+ Bxc6 19. Nd4 Rc8 20. Nxc6+ Rxc6 21. Bf1 Rhc8 22. Bd3 g6 23. h4 Na4 24. h5 Qd4 25. c3 Rxc3 26. bxc3 Nxc3+ 27. Ka1 Nxd1+ 28. Kb1 Nc3+ 29. Ka1 Ne4+ 0-1

[Event "*** Titled Tuesday Blitz"]
[Site "Chess.com"]
[Date "2020.11.24"]
[Round "6"]
[White "Sergey85Rodchenkov"]
[Black "Tenamu"]
[Result "1-0"]
[WhiteElo "2453"]
[BlackElo "2311"]
[TimeControl "180+1"]
[EndTime "11:17:53 PST"]
[Termination "Sergey85Rodchenkov won by resignation"]

1. e4 e6 2. d4 d5 3. Nd2 Nf6 4. e5 Nfd7 5. Qg4 c5 6. c3 Nc6 7. Bd3 h5 8. Qf4 g5 9. Qe3 cxd4 10. cxd4 Qb6 11. Ne2 g4 12. O-O Bh6 13. Qg3 Nxd4 14.
Nb3 Nxe2+ 15. Bxe2 Bxc1 16. Raxc1 a5 17. Rfd1 Nb8 18.
Rxc8+ Kd7 19. Rxh8 a4 20. Nd4 Qxb2 21. Bb5+ Nc6 22. Bxc6+ 1-0

[Event "*** Titled Tuesday Blitz"]
[Site "Chess.com"]
[Date "2020.11.24"]
[Round "6"]
[White "Zq1"]
[Black "Manukyan_Artak"]
[Result "1-0"]
[WhiteElo "2584"]
[BlackElo "2352"]
[TimeControl "180+1"]
[EndTime "11:18:07 PST"]
[Termination "Zq1 won by resignation"]

1. d4 Nf6 2. c4 e6 3. Nc3 Bb4 4. e3 c5 5. Bd3 d5 6. cxd5 exd5 7. a3 Bxc3+ 8. bxc3 c4 9. Bc2 b5 10. Ne2 a5 11.
O-O O-O 12. f3 Bb7 13. Ng3 Re8 14. Re1 Nbd7 15. e4 Nb6 16. e5 Nfd7 17. f4 g6 18. Qg4 Nf8 19. f5 b4 20. axb4 axb4 21. Rxa8 Qxa8 22. Nh5 Qa3 23. Nf6+ Kh8 24. Bxa3 1-0

[Event "*** Titled Tuesday Blitz"]
[Site "Chess.com"]
[Date "2020.11.24"]
[Round "6"]
[White "sara_khm"]
[Black "mc4chess"]
[Result "1-0"]
[WhiteElo "2581"]
[BlackElo "2456"]
[TimeControl "180+1"]
[EndTime "11:18:12 PST"]
[Termination "sara_khm won by resignation"]

1. Nf3 c5 2. g3 g6 3. Bg2 Bg7 4. O-O Nc6 5. c3 Nf6 6. d4 cxd4 7. cxd4 d5 8. Nc3 Ne4 9. Ng5 Nxc3 10.
bxc3 O-O 11. e4 dxe4 12. Nxe4 e5 13. d5 Na5 14. Ba3 Re8 15. Nd6 Bf8 16. Nxe8 Bxa3 17.
Qa4 Be7 18. d6 Bg5 19. Nc7 1-0

[Event "*** Titled Tuesday Blitz"]
[Site "Chess.com"]
[Date "2020.11.24"]
[Round "6"]
[White "SaqoChess_Twitch"]
[Black "Zhigalko_Sergei"]
[Result "0-1"]
[WhiteElo "2511"]
[BlackElo "2889"]
[TimeControl "180+1"]
[EndTime "11:18:17 PST"]
[Termination "Zhigalko_Sergei won by resignation"]

1. d4 Nf6 2. c4 e6 3. Nc3 Bb4 4. a3 Bxc3+ 5. bxc3 c5 6. e3 O-O 7. Bd3 Nc6 8. Ne2 b6 9. O-O Ba6 10. e4 Ne8 11. f4 f5 12. exf5 exf5 13. dxc5 bxc5 14.
Be3 d6 15. Ng3 g6 16. Bxf5 gxf5 17. Qd5+ Rf7 18. Qxc6 Bb7 19. Qa4 h5 20. Nh1 Rg7 21. g3 Qe7 22. Rfe1 Qe4 0-1

[Event "*** Titled Tuesday Blitz"]
[Site "Chess.com"]
[Date "2020.11.24"]
[Round "6"]
[White "Michaelson_11"]
[Black "tteshan"]
[Result "0-1"]
[WhiteElo "2140"]
[BlackElo "2377"]
[TimeControl "180+1"]
[EndTime "11:18:30 PST"]
[Termination "tteshan won by resignation"]

1. e4 c5 2. Nf3 d6 3. d4 cxd4 4. Nxd4 Nf6 5. Nc3 a6 6. Nb3 e6 7. g4 h6 8. Bg2 Be7 9. f4 Nc6 10. h4 Nd7 11. g5 hxg5 12. hxg5 Rxh1+ 13. Bxh1 Nc5 14. Be3 Nxb3 15. axb3 Bd7 16. Qh5 Bf8 17. O-O-O Qa5 18. g6 Qxh5 0-1

[Event "*** Titled Tuesday Blitz"]
[Site "Chess.com"]
[Date "2020.11.24"]
[Round "6"]
[White "Gabrielian_Artur"]
[Black "tlomigtlis"]
[Result "1-0"]
[WhiteElo "2766"]
[BlackElo "2581"]
[TimeControl "180+1"]
[EndTime "11:18:40 PST"]
[Termination "Gabrielian_Artur won by resignation"]

1. e4 c5 2. Nf3 d6 3. d4 cxd4 4.
Nxd4 Nf6 5. Nc3 a6 6. g3 e5 7.
Nde2 Nc6 8. Bg2 Be6 9. O-O Be7 10. h3 h5 11. Bg5 Nh7 12. Bxe7 Qxe7 13. f4 h4 14. g4 Rd8 15. Nd5 Bxd5 16. exd5 Nb8 17.
Nd4 O-O 18. Nf5 f6 19. Nxe7+ 1-0

[Event "*** Titled Tuesday Blitz"]
[Site "Chess.com"]
[Date "2020.11.24"]
[Round "6"]
[White "Tayson_7"]
[Black "The_Machine04"]
[Result "1-0"]
[WhiteElo "2694"]
[BlackElo "2502"]
[TimeControl "180+1"]
[EndTime "11:18:42 PST"]
[Termination "Tayson_7 won by checkmate"]

1. e4 d6 2. d4 Nf6 3. Nc3 e5 4. Nf3 Nbd7 5. Bc4 Be7 6. O-O c6 7. a4 h6 8. Ba2 Qc7 9. Qe2 O-O 10. Rd1 b6 11. Be3 a6 12. Nh4 exd4 13. Bxd4 Nc5 14. e5 dxe5 15. Bxe5 Qb7 16. Ng6 Rd8 17. Bxf6 Rxd1+ 18.
Rxd1 Bxf6 19. Qe8+ Kh7 20. Nf8+ Kg8 21. Nd7+ Kh7 22. Bxf7 h5 23. Qg8+ Kh6 24. Qh8+ Kg5 25. Qxh5+ Kf4 26. g3# 1-0